 Dungeon Crawl Stone Soup version 0.31-a0-845-g9abc20d24f (webtiles) character file.

Game seed: 1657550056241084682

61 Ethylacetat the Changeling (level 4, -2/29 HPs)
             Began as an Octopode Shapeshifter on Oct 2, 2023.
             Slain by a gnoll
             ... wielding a +0 whip
              (4 damage)
             ... on level 2 of the Dungeon.
             The game lasted 00:01:07 (1156 turns).

Ethylacetat the Changeling (Octopode Shapeshifter)  Turns: 1156, Time: 00:01:07

Health: -2/29      AC:  1    Str: 15    XL:     4   Next: 7%
Magic:  4/4        EV: 13    Int: 12    God:
Gold:   57         SH:  0    Dex: 11    Spells: 3/3 levels left

rFire   . .          .
                       - Unarmed
rCold   . . .        (no shield)
rNeg    . . .        (helmet currently unavailable)
rPois   .            (no amulet)
rElec   .            (no ring)
rCorr   .            (no ring)
SInv    .            (no ring)
Will    .....        (no ring)
Stlth   ++           (no ring)
HPRegen 0.24/turn    (no ring)
MPRegen 0.09/turn    (no ring)
                     (no ring)

%: no passive effects
@: beast-form
A: beast (slay +2), almost no armour, amphibious, 8 rings, camouflage 1,
gelatinous body 1, (nimble swimmer 1), tentacles
a: Begin Untransformation


You were on level 2 of the Dungeon.
You were a hulking beast.
You visited 1 branch of the dungeon, and saw 2 of its levels.

You collected 57 gold pieces.

Inventory:

Talismans
 b - a beast talisman (active)
 c - a flux talisman
Scrolls
 d - a scroll of identify {unknown}
 g - a scroll of amnesia {unknown}
 i - a scroll of blinking {unknown}
Potions
 a - a potion of lignification
 e - a potion of brilliance {unknown}
 f - a potion of might {unknown}
 h - a potion of enlightenment {unknown}
 j - a potion of ambrosia {unknown}


   Skills:
 + Level 1.7 Fighting
 + Level 2.5 Dodging
 + Level 3.4 Unarmed Combat
 * Level 3.7 Shapeshifting


You had 3 spell levels left.
You didn't know any spells.
Your spell library contained the following spells:

 Spells                   Type           Power      Damage    Failure   Level
 Dazzling Flash           Conj/Hex       0%         N/A       69%         3
 Volatile Blastmotes      Fire/Tloc      0%         2d10      69%         3
 Starburst                Conj/Fire      0%         6d3       100%        6
 Maxwell's Capacitive Co  Air            0%         ∞         100%        8


Dungeon Overview and Level Annotations

Branches:
Dungeon (2/15)

Altars:

Shops:
D:1 [


Innate Abilities, Weirdness & Mutations

You are a hulking beast.
Your limbs bulge with bestial killing power. (Slay +2)
You cannot wear most types of armour.
You are amphibious.
You can wear up to eight rings at the same time.
Your skin changes colour to match your surroundings (Stealth+).
Your rubbery body absorbs attacks. (AC +1, EV +1)
((You are camouflaged when in or above water. (Stealth+)))
You have tentacles for arms and can constrict up to eight enemies at once.


Message History

Key pressed, stopping explore.
No target in view!
Found a robe.
No target in view!
No target in view!
You now have 47 gold pieces (gained 7).
Found 3 stones.
Found an escape hatch in the ceiling.
No target in view!
Found 6 poisoned darts.
No target in view!
j - a pink potion No target in view!
You now have 57 gold pieces (gained 10).
You see here a staff of conjuration.
No target in view!
You see here a staff of conjuration.
Found a stone staircase leading down.
No target in view!
A gnoll comes into view. It is wielding a +0 whip.
A gnoll comes into view. It is wielding a +0 flail.
There are monsters nearby!
A gnoll comes into view. It is wielding a +0 halberd.
There are monsters nearby!
The gnoll shouts! x2
The gnoll completely misses you.
The gnoll shouts!
You bludgeon the gnoll! Your grab misses the gnoll.
The gnoll is heavily wounded.
The gnoll hits you with a +0 whip! The gnoll completely misses you. x2
You tentacle-slap the gnoll. You grab the gnoll. You squeeze the gnoll.
You kill the gnoll!
The gnoll misses you. The gnoll hits you with a +0 whip!
You have reached level 4!
The gnoll barely misses you. The gnoll closely misses you.
You tentacle-slap the gnoll. You grab the gnoll. You squeeze the gnoll.
The gnoll is heavily wounded.
You constrict the gnoll. The gnoll hits you with a +0 halberd!
* * * LOW HITPOINT WARNING * * *
The gnoll hits you with a +0 whip.
You die...

##### ##...# ##.....
#...... ########
#...... #.)g...####
#......
#gh.......####.....
#...##....#..........
#..##
####.....###.### #..
#.....#...#.) #.
........#...#.. #
##......###...†
##..<.......##
.......#..#..(
........#[.#..(


You could see 2 gnolls.

Vanquished Creatures
  2 gnolls
  A dart slug (D:1)
  8 bats
  6 endoplasms (D:1)
  3 giant cockroaches
  3 goblins (D:1)
  2 hobgoblins
  3 jackals
  2 quokkas
  2 ball pythons (D:1)
  3 rats
35 creatures vanquished.

Notes
Turn   | Place    | Note
-------+----------+-------------------------------------------
     0 | D:1      | Ethylacetat the Octopode Shapeshifter began the quest for
                  | the Orb.
     0 | D:1      | Reached XP level 1. HP: 13/13 MP: 1/1
    59 | D:1      | Reached XP level 2. HP: 16/18 MP: 2/2
   234 | D:1      | Reached XP level 3. HP: 21/23 MP: 3/3
   474 | D:1      | Found Ruoh's Antique Armour Emporium.
  1155 | D:2      | Reached XP level 4. HP: 11/29 MP: 4/4
  1156 | D:2      | Slain by a gnoll

Illustrated notes

Levels and vault maps discovered:
D:1:      psy_arrival_radial01, layout_basic, serial_shops, shop
D:2:      layout_rooms, hellmonk_ecumenical_altar_crossroads, minmay_octomino_c4

Action                     |  1- 3 |  4- 6 || total
---------------------------+-------+-------++-------
  Melee: Unarmed           |    70 |     1 ||    71
         Constrict         |    19 |     1 ||    20
         Tentacles         |    11 |     1 ||    12
         Punch             |     3 |       ||     3
   Stab: Sleeping          |     3 |       ||     3
 Armour: Skin              |    36 |     2 ||    38
  Dodge: Dodged            |    46 |     2 ||    48

Table legend: (Time is in decaauts)
 A = Elapsed time spent in this place.
 B = Non-inter-level travel time spent in this place.
 C = Inter-level travel time spent in this place.
 D = Time resting spent in this place.
 E = Time spent auto-exploring this place.
 F = Levels seen in this place.
 G = Mean time per level.
                   A        B        C        D        E       F      G
               +--------+--------+--------+--------+--------+-----+--------+
         Total |   1152 |   1114 |     38 |      0 |    928 |   2 |  576.0 |
       Dungeon |   1152 |   1114 |     38 |      0 |    928 |   2 |  576.0 |
               +--------+--------+--------+--------+--------+-----+--------+

Top non-repeatable levels by time:
     D:1: 1027 daAuts
     D:2: 125 daAuts
